TOP OF THE 1ST |
Columbus Clippers batting - Pitching for Tidewater Tides : RHP Bill Long
|
Pitching: RHP Bill Long
|
|
Batting: RHB Javier Leyva
|
0-0: Ball 1-0: Called Strike 1-1: Swinging Strike 1-2: Ball 2-2: Strikes out swinging passed ball, reaches first!
|
Batting: RHB Larry Bowie
|
0-0: Ball 1-0: Swinging Strike 1-1: Ball 2-1: Foul Ball, location: 2F 2-2: Ball 3-2: SINGLE (Groundball, 5S, EV 70.0 MPH) (infield hit) Javier Leyva to second
|
Batting: SHB Jerry Manuel
|
0-0: Called Strike 0-1: Called Strike 0-2: Fly out, F8 (Flyball, 8RM, EV 90.6 MPH)
|
Batting: LHB Barry Butera
|
0-0: Called Strike Javier Leyva steals 3rd base Larry Bowie to second 0-1: Foul Ball, location: 2F 0-2: Foul Ball, location: 2F 0-2: Foul Ball, location: 2F 0-2: Ball 1-2: Foul Ball, location: 2F 1-2: Ball 2-2: Fly out, F9 (Flyball, 9LD, EV 95.0 MPH) Runner from 3rd tags up, SCORES, no throw by RF
|
Batting: RHB Donell Nixon
|
0-0: Ball 1-0: Ball 2-0: Ball 3-0: Called Strike 3-1: Fly out, F6 (Popup, 6, EV 55.6 MPH)
|
Top of the 1st over - 1 run, 1 hit, 0 errors, 1 left on base; Columbus 1 - Tidewater 0 |
BOTTOM OF THE 1ST |
Tidewater Tides batting - Pitching for Columbus Clippers : RHP Philip Johnson
|
Pitching: RHP Philip Johnson
|
|
Batting: RHB Juan Garcia
|
0-0: Swinging Strike 0-1: Called Strike 0-2: Ball 1-2: Foul Ball, location: 2F 1-2: Foul Ball, location: 2F 1-2: Foul Ball, location: 2F 1-2: Ball 2-2: Foul Ball, location: 2F 2-2: Fly out, F7 (Flyball, 7, EV 93.1 MPH)
|
Batting: RHB German Rivera
|
0-0: Ball 1-0: Called Strike 1-1: Swinging Strike 1-2: Foul Ball, location: 2F 1-2: Fly out, F2 (Popup, 25F, EV 83.8 MPH)
|
Batting: RHB Brad Komminsk
|
0-0: Ball 1-0: Ball 2-0: Ball 3-0: Called Strike 3-1: Base on Balls
|
Batting: LHB Dave Kable
|
0-0: Ball 1-0: Fly out, F8 (Flyball, 8LS, EV 92.5 MPH)
|
Bottom of the 1st over - 0 runs, 0 hits, 0 errors, 1 left on base; Columbus 1 - Tidewater 0 |
TOP OF THE 2ND |
Columbus Clippers batting - Pitching for Tidewater Tides : RHP Bill Long
|
Batting: LHB Gene Gentile
|
0-0: Ball 1-0: Foul Ball, location: 2F 1-1: Ball 2-1: Fly out, F8 (Flyball, 78M, EV 95.0 MPH)
|
Batting: LHB Elijah Bonaparte
|
0-0: Fly out, F8 (Line Drive, 8LM, EV 93.8 MPH)
|
Batting: SHB Curt Wilkerson
|
0-0: Ball 1-0: Ball 2-0: Swinging Strike 2-1: Ground out 4-3 (Groundball, 34D, EV 110.0 MPH)
|
Top of the 2nd over - 0 runs, 0 hits, 0 errors, 0 left on base; Columbus 1 - Tidewater 0 |
BOTTOM OF THE 2ND |
Tidewater Tides batting - Pitching for Columbus Clippers : RHP Philip Johnson
|
Batting: RHB Mike Rex
|
0-0: Ball 1-0: Ground out 6-3 (Groundball, 6, EV 84.4 MPH)
|
Batting: RHB George Gomez
|
0-0: Called Strike 0-1: Ground out 6-3 (Groundball, 6, EV 82.5 MPH)
|
Batting: RHB Thomas Walker
|
0-0: Ball 1-0: Ball 2-0: Foul Ball, location: 2F 2-1: Ball 3-1: Base on Balls
|
Batting: SHB Julio Valdez
|
0-0: Ball 1-0: Foul Ball, location: 2F 1-1: Ball 2-1: Ball 3-1: Swinging Strike 3-2: Strikes out swinging
|
Bottom of the 2nd over - 0 runs, 0 hits, 0 errors, 1 left on base; Columbus 1 - Tidewater 0 |
TOP OF THE 3RD |
Columbus Clippers batting - Pitching for Tidewater Tides : RHP Bill Long
|
Batting: RHB Alex Rodriguez
|
0-0: Called Strike 0-1: Foul Ball, location: 2F 0-2: Foul Ball, location: 2F 0-2: Ball 1-2: Ball 2-2: Foul Ball, location: 2F 2-2: Ball 3-2: Foul Ball, location: 2F 3-2: Ground out 5-3 (Groundball, 56S, EV 90.0 MPH)
|
Batting: RHB Javier Leyva
|
0-0: Ball 1-0: Called Strike 1-1: Ground out 6-3 (Groundball, 56, EV 90.6 MPH)
|
Batting: RHB Larry Bowie
|
0-0: Foul Ball, location: 2F 0-1: Foul Ball, location: 2F 0-2: Ball 1-2: Ball 2-2: SINGLE (Line Drive, 34D, EV 95.0 MPH)
|
Batting: SHB Jerry Manuel
|
0-0: Fly out, F8 (Flyball, 8LD, EV 94.4 MPH)
|
Top of the 3rd over - 0 runs, 1 hit, 0 errors, 1 left on base; Columbus 1 - Tidewater 0 |
BOTTOM OF THE 3RD |
Tidewater Tides batting - Pitching for Columbus Clippers : RHP Philip Johnson
|
Batting: RHB Steve Liddle
|
0-0: Ball 1-0: Called Strike 1-1: Ball 2-1: Foul Ball, location: 2F 2-2: Fly out, F7 (Line Drive, 7, EV 97.5 MPH)
|
Batting: RHB Juan Garcia
|
0-0: Swinging Strike 0-1: Ball 1-1: Foul Ball, location: 2F 1-2: Foul Ball, location: 2F 1-2: Foul Ball, location: 2F 1-2: Ground out U3 (Groundball, 34, EV 102.5 MPH)
|
Batting: RHB German Rivera
|
0-0: Ball 1-0: Foul Ball, location: 2F 1-1: SINGLE (Groundball, 6D, EV 95.0 MPH)
|
Batting: RHB Brad Komminsk
|
0-0: Foul Ball, location: 2F 0-1: Ball 1-1: Called Strike 1-2: Strikes out swinging
|
Bottom of the 3rd over - 0 runs, 1 hit, 0 errors, 1 left on base; Columbus 1 - Tidewater 0 |
TOP OF THE 4TH |
Columbus Clippers batting - Pitching for Tidewater Tides : RHP Bill Long
|
Batting: LHB Barry Butera
|
0-0: Called Strike 0-1: Foul Ball, location: 2F 0-2: Ground out 1-3 (Groundball, 23, EV 62.5 MPH)
|
Batting: RHB Donell Nixon
|
0-0: Ball 1-0: Ball 2-0: Foul Ball, location: 2F 2-1: Ball 3-1: Ground out 6-3 (Groundball, 6, EV 109.4 MPH)
|
Batting: LHB Gene Gentile
|
0-0: Called Strike 0-1: Ball 1-1: Ball 2-1: Ball 3-1: Ground out U3 (Groundball, 3, EV 104.4 MPH)
|
Top of the 4th over - 0 runs, 0 hits, 0 errors, 0 left on base; Columbus 1 - Tidewater 0 |
BOTTOM OF THE 4TH |
Tidewater Tides batting - Pitching for Columbus Clippers : RHP Philip Johnson
|
Batting: LHB Dave Kable
|
0-0: Swinging Strike 0-1: Ball 1-1: Ball 2-1: Called Strike 2-2: Ball 3-2: Foul Ball, location: 2F 3-2: Reached on error, E5 (Groundball, 56, EV 81.3 MPH)
|
Batting: RHB Mike Rex
|
0-0: Foul Ball, location: 2F 0-1: Ball 1-1: Called Strike 1-2: Strikes out swinging
|
Batting: RHB George Gomez
|
0-0: Ball 1-0: Ball 2-0: Called Strike 2-1: Grounds into double play, 1-6-3 (Groundball, 23, EV 68.8 MPH)
|
Bottom of the 4th over - 0 runs, 0 hits, 1 error, 0 left on base; Columbus 1 - Tidewater 0 |
TOP OF THE 5TH |
Columbus Clippers batting - Pitching for Tidewater Tides : RHP Bill Long
|
Batting: LHB Elijah Bonaparte
|
0-0: Called Strike 0-1: Ball 1-1: Ball 2-1: Ball 3-1: Base on Balls
|
Batting: SHB Curt Wilkerson
|
0-0: Ball 1-0: Bunt missed! 1-1: Ball 2-1: Bunt missed! 2-2: Ball 3-2: Foul Ball, location: 2F Pickoff Throw to First - Error! E1 Elijah Bonaparte to second 3-2: Intentional Walk
|
Batting: RHB Alex Rodriguez
|
0-0: Ball Elijah Bonaparte steals 3rd base 1-0: Swinging Strike 1-1: Ball 2-1: Swinging Strike 2-2: Foul Ball, location: 2F 2-2: Foul Ball, location: 2F 2-2: Ball 3-2: Strikes out swinging
|
Batting: RHB Javier Leyva
|
0-0: Ball 1-0: Fielders Choice at 2nd, 4-6 (Groundball, 4, EV 86.9 MPH) Elijah Bonaparte scores
|
Batting: RHB Larry Bowie
|
0-0: Ball Javier Leyva is caught stealing 2nd base 2-4
|
Top of the 5th over - 1 run, 0 hits, 1 error, 0 left on base; Columbus 2 - Tidewater 0 |
BOTTOM OF THE 5TH |
Tidewater Tides batting - Pitching for Columbus Clippers : RHP Philip Johnson
|
Batting: RHB Thomas Walker
|
0-0: Called Strike 0-1: Ball 1-1: Ball 2-1: Ball 3-1: Called Strike 3-2: Strikes out looking
|
Batting: SHB Julio Valdez
|
0-0: SINGLE (Groundball, 56D, EV 95.0 MPH)
|
Batting: RHB Steve Liddle
|
0-0: Called Strike Julio Valdez steals 2nd base 0-1: SINGLE (Groundball, 56D, EV 99.4 MPH) Julio Valdez to third Runner from 3rd tries for Home, SAFE, throw by LF to home
|
Batting: RHB Juan Garcia
|
0-0: Called Strike 0-1: Foul Ball, location: 2F 0-2: Ball 1-2: Ball 2-2: Foul Ball, location: 2F 2-2: Strikes out swinging
|
Batting: RHB German Rivera
|
0-0: Ball 1-0: Called Strike 1-1: Fly out, F7 (Flyball, 7LS, EV 84.4 MPH)
|
Bottom of the 5th over - 1 run, 2 hits, 0 errors, 1 left on base; Columbus 2 - Tidewater 1 |
TOP OF THE 6TH |
Columbus Clippers batting - Pitching for Tidewater Tides : RHP Bill Long
|
Batting: RHB Larry Bowie
|
0-0: Ball 1-0: Fly out, F8 (Flyball, 8RS, EV 81.9 MPH)
|
Batting: SHB Jerry Manuel
|
0-0: Fly out, F9 (Flyball, 9D, EV 78.1 MPH)
|
Batting: LHB Barry Butera
|
0-0: Ball 1-0: Ball 2-0: Foul Ball, location: 2F 2-1: Fly out, F9 (Line Drive, 9, EV 86.9 MPH)
|
Top of the 6th over - 0 runs, 0 hits, 0 errors, 0 left on base; Columbus 2 - Tidewater 1 |
BOTTOM OF THE 6TH |
Tidewater Tides batting - Pitching for Columbus Clippers : RHP Philip Johnson
|
Batting: RHB Brad Komminsk
|
0-0: Ball 1-0: Called Strike 1-1: Ball 2-1: DOUBLE (Line Drive, 9LM, EV 101.9 MPH)
|
Batting: LHB Dave Kable
|
0-0: Ball 1-0: Foul Ball, location: 2F 1-1: Called Strike 1-2: SINGLE (Groundball, 34D, EV 96.3 MPH) Brad Komminsk to third Runner from 3rd tries for Home, SAFE, throw by RF to home
|
Batting: RHB Mike Rex
|
0-0: Ball 1-0: Called Strike 1-1: Ball 2-1: Ball 3-1: DOUBLE (Line Drive, 89M, EV 93.8 MPH) Dave Kable to third Runner from 3rd tries for Home, SAFE, throw by RF to trailing runner, SAFE at third!
|
Batting: RHB George Gomez
|
0-0: Ball 1-0: Swinging Strike 1-1: Swinging Strike 1-2: Fly out, F8 (Flyball, 78M, EV 86.9 MPH) Runner from 3rd tags up, SCORES, no throw by CF
|
Batting: RHB Thomas Walker
|
0-0: Ground out U3 (Groundball, 3S, EV 80.6 MPH)
|
Batting: SHB Julio Valdez
|
0-0: Called Strike 0-1: Swinging Strike 0-2: Strikes out looking
|
Bottom of the 6th over - 3 runs, 3 hits, 0 errors, 0 left on base; Columbus 2 - Tidewater 4 |
TOP OF THE 7TH |
Columbus Clippers batting - Pitching for Tidewater Tides : RHP Bill Long
|
Batting: RHB Donell Nixon
|
0-0: Ball 1-0: Foul Ball, location: 2F 1-1: Ball 2-1: Ball 3-1: Foul Ball, location: 2F 3-2: Foul Ball, location: 2F 3-2: Strikes out swinging
|
Batting: LHB Gene Gentile
|
0-0: Ball 1-0: Ground out 4-3 (Groundball, 4, EV 96.9 MPH)
|
Batting: LHB Elijah Bonaparte
|
0-0: Ball 1-0: Called Strike 1-1: Foul Ball, location: 2F 1-2: Fly out, F9 (Line Drive, 9LM, EV 88.8 MPH)
|
Top of the 7th over - 0 runs, 0 hits, 0 errors, 0 left on base; Columbus 2 - Tidewater 4 |
BOTTOM OF THE 7TH |
Tidewater Tides batting - Pitching for Columbus Clippers : RHP Philip Johnson
|
Batting: RHB Steve Liddle
|
0-0: Ground out 6-3 (Groundball, 6S, EV 82.5 MPH)
|
Batting: RHB Juan Garcia
|
0-0: Ball 1-0: Swinging Strike 1-1: Foul Ball, location: 2F 1-2: Ground out 6-3 (Groundball, 56, EV 97.5 MPH)
|
Batting: RHB German Rivera
|
0-0: Called Strike 0-1: Fly out, F8 (Flyball, 8RM, EV 76.3 MPH)
|
Bottom of the 7th over - 0 runs, 0 hits, 0 errors, 0 left on base; Columbus 2 - Tidewater 4 |
TOP OF THE 8TH |
Columbus Clippers batting - Pitching for Tidewater Tides : RHP Bill Long
|
Batting: SHB Curt Wilkerson
|
0-0: Swinging Strike 0-1: Ball 1-1: Ball 2-1: Ball 3-1: Ground out 4-3 (Groundball, 4, EV 80.0 MPH)
|
Batting: RHB Alex Rodriguez
|
0-0: Called Strike 0-1: Foul Ball, location: 2F 0-2: Foul Ball, location: 2F 0-2: Ball 1-2: SINGLE (Line Drive, 7LS, EV 103.1 MPH)
|
Batting: RHB Javier Leyva
|
0-0: Fly out, F8 (Flyball, 78M, EV 78.8 MPH)
|
Batting: RHB Larry Bowie
|
0-0: Called Strike 0-1: Called Strike 0-2: Strikes out swinging
|
Top of the 8th over - 0 runs, 1 hit, 0 errors, 1 left on base; Columbus 2 - Tidewater 4 |
BOTTOM OF THE 8TH |
Tidewater Tides batting - Pitching for Columbus Clippers : RHP Philip Johnson
|
Batting: RHB Brad Komminsk
|
0-0: Swinging Strike 0-1: Ball 1-1: Swinging Strike 1-2: Ball 2-2: Foul Ball, location: 2F 2-2: Strikes out swinging
|
Pitching: RHP Joseph Georger
|
|
Batting: LHB Dave Kable
|
0-0: Foul Ball, location: 2F 0-1: Swinging Strike 0-2: Ground out 4-3 (Groundball, 34D, EV 81.9 MPH)
|
Batting: RHB Mike Rex
|
0-0: Fly out, F3 (Line Drive, 3, EV 71.3 MPH)
|
Bottom of the 8th over - 0 runs, 0 hits, 0 errors, 0 left on base; Columbus 2 - Tidewater 4 |
TOP OF THE 9TH |
Columbus Clippers batting - Pitching for Tidewater Tides : RHP Bill Long
|
Pitching: RHP Salome Barojas
|
|
Batting: SHB Jerry Manuel
|
0-0: Foul Ball, location: 2F 0-1: TRIPLE (Line Drive, 8LXD, EV 110.0 MPH)
|
Batting: LHB Barry Butera
|
0-0: Swinging Strike 0-1: Called Strike 0-2: Ball 1-2: Foul Ball, location: 2F 1-2: SINGLE (Groundball, 4MD, EV 104.4 MPH) Jerry Manuel scores
|
Batting: RHB Donell Nixon
|
0-0: Called Strike 0-1: Ball 1-1: Ball 2-1: Fly out, F9 (Flyball, 9S, EV 96.9 MPH)
|
Batting: LHB Gene Gentile
|
0-0: Ball 1-0: Ball 2-0: Swinging Strike 2-1: Grounds into double play, 6-4-3 (Groundball, 6, EV 100.0 MPH)
|
Top of the 9th over - 1 run, 2 hits, 0 errors, 0 left on base; Columbus 3 - Tidewater 4 |
|